NYP
STATEN ISLAND YANKEES @ VANCOUVER CANADIANS
07/04/2049
 
TOP OF THE 1ST
Staten Island Yankees batting - Pitching for Vancouver Canadians : RHP Jon Thomason
Pitching: RHP Jon Thomason
Batting: LHB Carlos Palau 0-0: Ball
1-0: Foul Ball, location: 2F
1-1: Swinging Strike
1-2: Strikes out swinging
Batting: LHB Justin Short 0-0: Ball
1-0: Foul Ball, location: 2F
1-1: DOUBLE (Line Drive, 7LS, EV 93.1 MPH)
Batting: RHB Pat Pemberton 0-0: Ball
1-0: Called Strike
1-1: Ball
2-1: Ball
3-1: Base on Balls
Batting: RHB Edite Leoni 0-0: Ball
1-0: Swinging Strike
1-1: Ball
2-1: Grounds into double play, 6-4-3 (Groundball, 6, EV 101.2 MPH)
Top of the 1st over - 0 runs, 1 hit, 0 errors, 1 left on base; Staten Island 0 - Vancouver 0
BOTTOM OF THE 1ST
Vancouver Canadians batting - Pitching for Staten Island Yankees : RHP Jon Campbell
Pitching: RHP Jon Campbell
Batting: LHB Tso-lin Fen 0-0: SINGLE (Groundball, 4M, EV 104.4 MPH) (infield hit)
Batting: RHB Jose Ontiveros 0-0: Ball
Tso-lin Fen steals 2nd, throwing error, E2
Tso-lin Fen to third
1-0: Called Strike
1-1: Ball
2-1: Ground out 1-3 (Groundball, 13, EV 68.1 MPH)
Batting: LHB Devin Huber 0-0: Ball
1-0: Called Strike
1-1: Fly out, F7 (Line Drive, 78M, EV 102.5 MPH)
Batting: RHB Jorge Cruz 0-0: Swinging Strike
0-1: Foul Ball, location: 2F
0-2: Reached on error, E5 (Groundball, 5, EV 86.2 MPH)
Tso-lin Fen scores
Batting: RHB Akira Kubo 0-0: Called Strike
0-1: Ball
Wild Pitch!
Jorge Cruz to second
1-1: Foul Ball, location: 2F
1-2: DOUBLE (Line Drive, 78D, EV 105.0 MPH)
Jorge Cruz scores
Batting: RHB John Rios 0-0: Ball
1-0: Called Strike
1-1: Reached on error, E6 (Groundball, 6, EV 102.5 MPH)
Akira Kubo to third
Batting: RHB Terry Plumley 0-0: Ball
1-0: Swinging Strike
1-1: SINGLE (Groundball, P, EV 83.1 MPH) (infield hit)
Akira Kubo scores
John Rios to second
Batting: RHB Luis Reyes 0-0: Foul Ball, location: 2F
0-1: Ball
1-1: Ground out 5-3 (Groundball, 56S, EV 81.9 MPH)
Bottom of the 1st over - 3 runs, 3 hits, 3 errors, 2 left on base; Staten Island 0 - Vancouver 3
TOP OF THE 2ND
Staten Island Yankees batting - Pitching for Vancouver Canadians : RHP Jon Thomason
Batting: SHB Adam Slade 0-0: Called Strike
0-1: Ball
1-1: Foul Ball, location: 2F
1-2: Ball
2-2: SINGLE (Line Drive, 34, EV 106.2 MPH)
Batting: RHB Brad Wren 0-0: Called Strike
0-1: Foul Ball, location: 2F
0-2: Ball
1-2: Ball
2-2: Foul Ball, location: 2F
2-2: Strikes out swinging
Batting: RHB Jesus Ruiz 0-0: Foul Ball, location: 2F
0-1: Foul Ball, location: 2F
0-2: SINGLE (Line Drive, 89S, EV 96.2 MPH)
Adam Slade to second
Runner from 2nd tries for 3rd, OUT! 8-5
Batting: RHB Danny Ayala 0-0: Swinging Strike
0-1: Ball
1-1: Foul Ball, location: 2F
1-2: Strikes out looking
Top of the 2nd over - 0 runs, 2 hits, 0 errors, 1 left on base; Staten Island 0 - Vancouver 3
BOTTOM OF THE 2ND
Vancouver Canadians batting - Pitching for Staten Island Yankees : RHP Jon Campbell
Batting: LHB Julio Canseco 0-0: Ball
1-0: Ground out 4-3 (Groundball, 4, EV 75.6 MPH)
Batting: LHB Tso-lin Fen 0-0: Ball
1-0: Swinging Strike
1-1: DOUBLE (Line Drive, 9LM, EV 96.9 MPH)
Batting: RHB Jose Ontiveros 0-0: Ball
1-0: Swinging Strike
1-1: Swinging Strike
1-2: Ball
2-2: Ball
Wild Pitch!
Tso-lin Fen to third
3-2: SINGLE (Groundball, 4MD, EV 96.9 MPH)
Tso-lin Fen scores
Batting: LHB Devin Huber 0-0: Called Strike
Jose Ontiveros is caught stealing 2nd base 2-6
0-1: Called Strike
0-2: Ball
1-2: Foul Ball, location: 2F
1-2: Ground out 6-3 (Groundball, 6, EV 80.6 MPH)
Bottom of the 2nd over - 1 run, 2 hits, 0 errors, 0 left on base; Staten Island 0 - Vancouver 4
TOP OF THE 3RD
Staten Island Yankees batting - Pitching for Vancouver Canadians : RHP Jon Thomason
Batting: RHB Norimoto Miyanishi 0-0: Swinging Strike
0-1: Swinging Strike
0-2: Ball
1-2: Strikes out swinging
Batting: LHB Carlos Palau 0-0: Ball
1-0: Ball
2-0: Ball
3-0: Called Strike
3-1: Base on Balls
Batting: LHB Justin Short 0-0: Called Strike
0-1: Foul Ball, location: 2F
0-2: Ball
Wild Pitch!
Carlos Palau to second
1-2: Strikes out looking
Batting: RHB Pat Pemberton 0-0: Foul Ball, location: 2F
0-1: Swinging Strike
0-2: Strikes out swinging
Top of the 3rd over - 0 runs, 0 hits, 0 errors, 1 left on base; Staten Island 0 - Vancouver 4
BOTTOM OF THE 3RD
Vancouver Canadians batting - Pitching for Staten Island Yankees : RHP Jon Campbell
Batting: RHB Jorge Cruz 0-0: SINGLE (Groundball, 56D, EV 98.1 MPH)
Batting: RHB Akira Kubo 0-0: Called Strike
Jorge Cruz is caught stealing 2nd base 2-4
0-1: Ball
1-1: Ball
2-1: Ball
3-1: Base on Balls
Batting: RHB John Rios 0-0: Called Strike
Akira Kubo steals 2nd base
0-1: Hit by Pitch
Batting: RHB Terry Plumley 0-0: Foul Ball, location: 2F
0-1: Foul Ball, location: 2F
0-2: Foul Ball, location: 2F
0-2: Strikes out swinging
Batting: RHB Luis Reyes 0-0: Called Strike
0-1: Ball
1-1: Ball
2-1: Ball
3-1: Reached on error, E5 (Groundball, 56S, EV 83.8 MPH)
Akira Kubo scores
John Rios to third
Batting: LHB Julio Canseco 0-0: Ball
1-0: Ball
2-0: Called Strike
2-1: 3-RUN HOME RUN (Flyball, 9D, EV 96.2 MPH), Distance : 364 ft
Pitching: RHP Gary Salazar
Batting: LHB Tso-lin Fen 0-0: Ball
1-0: Ground out 4-3 (Groundball, 4, EV 81.2 MPH)
Bottom of the 3rd over - 4 runs, 2 hits, 1 error, 0 left on base; Staten Island 0 - Vancouver 8
TOP OF THE 4TH
Staten Island Yankees batting - Pitching for Vancouver Canadians : RHP Jon Thomason
Batting: RHB Edite Leoni 0-0: Foul Ball, location: 2F
0-1: Ball
1-1: Ball
2-1: Ball
3-1: Base on Balls
Batting: SHB Adam Slade 0-0: Called Strike
0-1: Swinging Strike
0-2: Ball
1-2: Strikes out swinging
Batting: RHB Brad Wren 0-0: Swinging Strike
0-1: Foul Ball, location: 2F
0-2: Ball
1-2: Foul Ball, location: 2F
1-2: Strikes out swinging
Batting: RHB Jesus Ruiz 0-0: Called Strike
0-1: Ball
1-1: Called Strike
1-2: Ground out 4-3 (Groundball, 4, EV 84.4 MPH)
Top of the 4th over - 0 runs, 0 hits, 0 errors, 1 left on base; Staten Island 0 - Vancouver 8
BOTTOM OF THE 4TH
Vancouver Canadians batting - Pitching for Staten Island Yankees : RHP Gary Salazar
Batting: RHB Jose Ontiveros 0-0: Called Strike
0-1: Swinging Strike
0-2: Strikes out swinging
Batting: LHB Devin Huber 0-0: Called Strike
0-1: Ball
1-1: Foul Ball, location: 2F
1-2: Ball
2-2: Ball
3-2: SINGLE (Groundball, 4D, EV 110.0 MPH)
Batting: RHB Jorge Cruz 0-0: Ball
1-0: Called Strike
1-1: Fielders Choice at 2nd, 3-6 (Groundball, 34S, EV 83.8 MPH)
Batting: RHB Akira Kubo 0-0: Ball
1-0: Called Strike
Jorge Cruz steals 2nd base
1-1: Ground out 5-3 (Groundball, 56S, EV 94.4 MPH)
Bottom of the 4th over - 0 runs, 1 hit, 0 errors, 1 left on base; Staten Island 0 - Vancouver 8
TOP OF THE 5TH
Staten Island Yankees batting - Pitching for Vancouver Canadians : RHP Jon Thomason
Batting: RHB Danny Ayala 0-0: Ball
1-0: Called Strike
1-1: Ball
2-1: Foul Ball, location: 2F
2-2: Ball
3-2: Ground out 5-3 (Groundball, 5, EV 81.9 MPH)
Batting: RHB Norimoto Miyanishi 0-0: Fly out, F7 (Flyball, 7LM, EV 85.6 MPH)
Batting: LHB Carlos Palau 0-0: Ball
1-0: Ball
2-0: Foul Ball, location: 2F
2-1: Swinging Strike
2-2: Strikes out swinging, 2-3 out at first.
Top of the 5th over - 0 runs, 0 hits, 0 errors, 0 left on base; Staten Island 0 - Vancouver 8
BOTTOM OF THE 5TH
Vancouver Canadians batting - Pitching for Staten Island Yankees : RHP Gary Salazar
Batting: RHB John Rios 0-0: Ball
1-0: Called Strike
1-1: Ball
2-1: Ball
3-1: Base on Balls
Batting: RHB Terry Plumley 0-0: Ball
1-0: Ball
2-0: Ball
3-0: Called Strike
3-1: Base on Balls
John Rios to second
Batting: RHB Luis Reyes 0-0: SINGLE (Groundball, 56D, EV 94.4 MPH)
John Rios to third
Terry Plumley to second
Batting: LHB Julio Canseco 0-0: Fly out, F7 (Flyball, 7D, EV 92.5 MPH)
Runner from 3rd tags up, SCORES, no throw by LF
Batting: LHB Tso-lin Fen 0-0: Ball
1-0: Swinging Strike
1-1: Fly out, F8 (Flyball, 89M, EV 90.0 MPH)
Batting: RHB Jose Ontiveros 0-0: Called Strike
0-1: Ball
1-1: Ball
2-1: Ball
3-1: Base on Balls
Terry Plumley to third
Luis Reyes to second
Batting: LHB Devin Huber 0-0: Ball
1-0: Called Strike
1-1: Ball
2-1: Ball
3-1: SINGLE (Line Drive, 89S, EV 98.8 MPH)
Terry Plumley scores
Luis Reyes to third
Jose Ontiveros to second
Runner from 3rd tries for Home, SAFE, throw by RF to home
Batting: RHB Jorge Cruz 0-0: Swinging Strike
0-1: Swinging Strike
0-2: Ball
1-2: Foul Ball, location: 2F
1-2: Ball
2-2: Foul Ball, location: 2F
2-2: Ball
3-2: Strikes out swinging
Bottom of the 5th over - 3 runs, 2 hits, 0 errors, 2 left on base; Staten Island 0 - Vancouver 11
TOP OF THE 6TH
Staten Island Yankees batting - Pitching for Vancouver Canadians : RHP Jon Thomason
Batting: LHB Justin Short 0-0: Ball
1-0: Ball
2-0: Ball
3-0: Called Strike
3-1: Base on Balls
Batting: RHB Pat Pemberton 0-0: Called Strike
0-1: Ball
Wild Pitch!
Justin Short to second
1-1: Swinging Strike
1-2: Ball
2-2: Strikes out swinging
Batting: RHB Edite Leoni 0-0: Ball
1-0: Foul Ball, location: 2F
1-1: Foul Ball, location: 2F
1-2: Ball
2-2: Strikes out swinging
Batting: SHB Adam Slade 0-0: Ball
Wild Pitch!
Justin Short to third
1-0: Called Strike
1-1: Foul Ball, location: 2F
1-2: Foul Ball, location: 2F
1-2: Fly out, F8 (Flyball, 8RD, EV 99.4 MPH)
Top of the 6th over - 0 runs, 0 hits, 0 errors, 1 left on base; Staten Island 0 - Vancouver 11
BOTTOM OF THE 6TH
Vancouver Canadians batting - Pitching for Staten Island Yankees : RHP Gary Salazar
Pitching: RHP Kenny Samuels
Batting: RHB Akira Kubo 0-0: Called Strike
0-1: Ball
1-1: Ball
2-1: Ground out 6-3 (Groundball, 6, EV 106.2 MPH)
Batting: RHB John Rios 0-0: Ball
1-0: Swinging Strike
1-1: Ball
2-1: Ball
3-1: Called Strike
3-2: Foul Ball, location: 2F
3-2: Strikes out swinging
Batting: RHB Terry Plumley 0-0: Swinging Strike
0-1: Ball
1-1: Ball
2-1: Ball
3-1: Called Strike
3-2: Foul Ball, location: 2F
3-2: Foul Ball, location: 2F
3-2: Fly out, F7 (Line Drive, 7, EV 91.9 MPH)
Bottom of the 6th over - 0 runs, 0 hits, 0 errors, 0 left on base; Staten Island 0 - Vancouver 11
TOP OF THE 7TH
Staten Island Yankees batting - Pitching for Vancouver Canadians : RHP Jon Thomason
Pitching: RHP Marcus Reiling
Batting: RHB Brad Wren 0-0: Swinging Strike
0-1: Called Strike
0-2: Strikes out looking
Batting: RHB Jesus Ruiz 0-0: Hit by Pitch
Pinch Runner at 1st Dario Segura:
Batting: RHB Danny Ayala 0-0: Swinging Strike
0-1: Called Strike
0-2: Ball
1-2: Strikes out swinging
Batting: RHB Norimoto Miyanishi 0-0: Ball
1-0: Called Strike
1-1: Foul Ball, location: 2F
1-2: Ball
2-2: Foul Ball, location: 2F
2-2: Ball
3-2: Strikes out swinging
Top of the 7th over - 0 runs, 0 hits, 0 errors, 1 left on base; Staten Island 0 - Vancouver 11
BOTTOM OF THE 7TH
Vancouver Canadians batting - Pitching for Staten Island Yankees : RHP Kenny Samuels
Batting: RHB Luis Reyes 0-0: Called Strike
0-1: Swinging Strike
0-2: Ball
1-2: Ground out 6-3 (Groundball, 6M, EV 106.2 MPH)
Pinch Hitting: RHB Jake Bronner 0-0: Called Strike
0-1: Foul Ball, location: 2F
0-2: Foul Ball, location: 2F
0-2: Ball
1-2: Ball
2-2: Foul Ball, location: 2F
2-2: Fly out, F3 (Line Drive, 3, EV 69.4 MPH)
Pinch Hitting: RHB Mike Chamberlain 0-0: Foul Ball, location: 2F
0-1: Ball
1-1: Ground out 3-1 (Groundball, 34, EV 102.5 MPH)
Bottom of the 7th over - 0 runs, 0 hits, 0 errors, 0 left on base; Staten Island 0 - Vancouver 11
TOP OF THE 8TH
Staten Island Yankees batting - Pitching for Vancouver Canadians : RHP Marcus Reiling
Now in LF: Jose Ontiveros
Now in CF: Jake Bronner
Now in RF: Mike Chamberlain
Pinch Hitting: RHB Matt Thompson 0-0: Ball
1-0: Ball
2-0: Swinging Strike
2-1: Foul Ball, location: 2F
2-2: Ground out 1-3 (Groundball, 13, EV 71.9 MPH)
Batting: LHB Justin Short 0-0: Ball
1-0: Called Strike
1-1: Ball
2-1: Called Strike
2-2: Strikes out swinging, 2-3 out at first.
Batting: RHB Pat Pemberton 0-0: Called Strike
0-1: Called Strike
0-2: Ball
1-2: Foul Ball, location: 2F
1-2: Foul Ball, location: 2F
1-2: Ball
2-2: Strikes out swinging
Top of the 8th over - 0 runs, 0 hits, 0 errors, 0 left on base; Staten Island 0 - Vancouver 11
BOTTOM OF THE 8TH
Vancouver Canadians batting - Pitching for Staten Island Yankees : RHP Kenny Samuels
Pitching: LHP Loo Lei
Now in LF: Matt Thompson
Pinch Hitting: LHB Frank Nelson 0-0: Foul Ball, location: 2F
0-1: SINGLE (Flyball, 89S, EV 86.2 MPH)
Batting: LHB Devin Huber 0-0: Called Strike
0-1: SINGLE (Groundball, 6S, EV 64.4 MPH) (infield hit)
Frank Nelson to second
Batting: RHB Jorge Cruz 0-0: Foul Ball, location: 2F
0-1: Ball
1-1: Ball
2-1: Called Strike
2-2: Foul Ball, location: 2F
2-2: Grounds into double play, 5-4-3 (Groundball, 56S, EV 81.9 MPH)
Frank Nelson to third
Batting: RHB Akira Kubo 0-0: Ball
1-0: Foul Ball, location: 2F
1-1: Foul Ball, location: 2F
1-2: Ball
2-2: Ball
3-2: Base on Balls
Batting: RHB John Rios 0-0: Ball
1-0: Fly out, F8 (Flyball, 8LM, EV 75.6 MPH)
Bottom of the 8th over - 0 runs, 2 hits, 0 errors, 2 left on base; Staten Island 0 - Vancouver 11
TOP OF THE 9TH
Staten Island Yankees batting - Pitching for Vancouver Canadians : RHP Marcus Reiling
Now in LF: Frank Nelson
Batting: RHB Edite Leoni 0-0: Ball
1-0: Called Strike
1-1: Ball
2-1: SINGLE (Groundball, 6D, EV 106.2 MPH)
Batting: SHB Adam Slade 0-0: Called Strike
0-1: Ball
1-1: Ball
2-1: Fly out, F6 (Popup, 6MD, EV 65.6 MPH)
Batting: RHB Brad Wren 0-0: Foul Ball, location: 2F
0-1: Ball
1-1: Ball
2-1: Foul Ball, location: 2F
2-2: SINGLE (Groundball, 56D, EV 101.2 MPH)
Edite Leoni to second
Batting: LHB Dario Segura 0-0: Called Strike
0-1: Ground out 4-3 (Groundball, 34D, EV 103.8 MPH)
Edite Leoni to third
Brad Wren to second
Batting: RHB Danny Ayala 0-0: Ball
1-0: Ball
2-0: Ball
3-0: Called Strike
3-1: Base on Balls
Batting: RHB Norimoto Miyanishi 0-0: Foul Ball, location: 2F
0-1: Foul Ball, location: 2F
0-2: Strikes out swinging
Top of the 9th over - 0 runs, 2 hits, 0 errors, 3 left on base; Staten Island 0 - Vancouver 11
Sunday, July 16th , 2023 - OOTP Baseball 24.6 Build 69